AoeStats
← GAX | Urubu

Arena

508951016Analyzed
4v4 RM · 9d ago on Sep 24, 2026· 45m 13s· 8 players
Game mode
Random Map
Map size
Large (8 player)
Population
200
Speed
Normal
Resources
Standard
Victory
Conquest
Starting age
Dark Age
Ending age
Imperial Age
RankedLock teamsTeams togetherTeam positionsShared explorationLock speedFull tech treeHidden civsTurbo modeCheats
Victory
Defeat
🇹🇷 Teutons · Türkiye
1653
+10
🇹🇷 Franks · Türkiye
1620
+11
🇹🇷 Dravidians · Türkiye
1599
+12
🇹🇷 Khmer · Türkiye
1588
+12
🇧🇷 Ethiopians · Brazil
1584
-13
🇺🇸 Shu · United States
1530
-12
🇲🇽 Vietnamese · Mexico
1477
-10
🇹🇼 Bulgarians · Taiwan
1463
-10
DarkAgeBoomer
10:02 Feudal Age
14:13 Castle Age
12:34 Double-Bit Axe
12:43 Horse Collar
19:31 Loom
22:28 Wheelbarrow
22:42 Gold Mining
24:04 Hand Cart
23:34 Town Watch
25:21 Fletching
28:45 Imperial Age
27:05 Hand Cart
26:48 Bodkin Arrow
26:54 Padded Archer Armor
27:20 Ballistics
28:16 Gold Shaft Mining
27:31 Stone Mining
27:50 Thumb Ring
27:20 Crossbowman
28:48 Leather Archer Armor
29:19 Arbalester
30:00 Bracer
30:36 Ring Archer Armor
31:08 Chemistry
32:39 Conscription
32:56 Squires
32:41 Arson
33:00 Bolt Magazine
32:37 Elite Skirmisher
33:28 Imperial Skirmisher
34:37 Elite White Feather Guard
37:05 Scale Mail Armor
37:15 Forging
37:09 Murder Holes
36:55 Treadmill Crane
38:45 Chain Mail Armor
38:49 Bow Saw
38:39 Heavy Plow
39:15 Coiled Serpent Array
38:52 Pikeman
40:10 Halberdier
41:10 Siege Engineers
42:52 Plate Mail Armor
GAX | Urubu
9:59 Feudal Age
10:43 Double-Bit Axe
13:33 Castle Age
11:17 Horse Collar
18:40 Wheelbarrow
19:11 Heavy Plow
19:29 Bow Saw
19:47 Loom
21:19 Hand Cart
21:38 Town Watch
21:44 Gold Mining
21:48 Stone Mining
27:03 Imperial Age
25:27 Forging
25:18 Scale Mail Armor
25:38 Heavy Plow
25:43 Squires
26:05 Arson
26:37 Chain Mail Armor
26:57 Iron Casting
27:05 Halberdier
28:21 Ballistics
29:04 Chemistry
30:46 Plate Mail Armor
31:16 Blast Furnace
32:19 Conscription
32:18 Onager
34:48 Torsion Engines
36:11 Siege Onager
真是太離譜了
9:24 Feudal Age
8:02 Loom
10:11 Double-Bit Axe
10:07 Horse Collar
13:20 Loom
16:25 Castle Age
15:23 Scale Mail Armor
17:53 Chain Mail Armor
18:40 Forging
18:44 Gambesons
19:41 Squires
21:08 Arson
23:19 Bow Saw
23:47 Town Watch
25:10 Wheelbarrow
26:26 Iron Casting
33:56 Imperial Age
32:26 Fletching
33:22 Masonry
33:09 Bodkin Arrow
34:12 Onager
37:15 Plate Mail Armor
40:45 Hand Cart
Mike
9:41 Feudal Age
13:44 Castle Age
12:31 Double-Bit Axe
13:28 Stone Mining
17:00 Loom
18:00 Fletching
22:22 Bodkin Arrow
23:15 Padded Archer Armor
25:04 Leather Archer Armor
25:55 Ballistics
35:40 Bow Saw
35:11 Horse Collar
37:28 Wheelbarrow
36:39 Town Watch
36:56 Heavy Plow
43:22 Imperial Age
43:13 Gold Mining
43:32 Elite Rattan Archer
44:13 Bracer
45:21 Chemistry
44:40 Husbandry
45:23 Bloodlines
45:19 Scale Barding Armor
45:43 Forging
alican43
10:30 Feudal Age
13:11 Castle Age
11:20 Double-Bit Axe
11:42 Horse Collar
15:29 Bow Saw
21:24 Wheelbarrow
21:59 Heavy Plow
25:52 Imperial Age
24:29 Sanctity
24:25 Bloodlines
24:16 Husbandry
25:10 Loom
25:10 Town Watch
26:28 Scale Barding Armor
26:33 Forging
27:43 Chain Barding Armor
29:06 Hand Cart
28:51 Town Patrol
29:51 Cavalier
30:43 Fletching
31:23 Bodkin Arrow
31:29 Padded Archer Armor
32:41 Hoardings
33:23 Masonry
34:54 Chemistry
33:56 Bracer
35:31 Leather Archer Armor
35:10 Elite Ballista Elephant
36:40 Double Crossbow
37:01 Conscription
37:44 Guard Tower
38:02 Light Cavalry
39:12 Hussar
40:29 Plate Barding Armor
40:30 Iron Casting
44:01 Keep
43:47 Ballistics
44:14 Crop Rotation
HunTerZ
12:19 Feudal Age
16:18 Castle Age
16:26 Loom
21:14 Imperial Age
19:11 Fletching
19:25 Double-Bit Axe
21:47 Scale Mail Armor
39:51 Forging
40:46 Chain Mail Armor
41:23 Wheelbarrow
40:11 Pikeman
42:38 Iron Casting
44:25 Town Watch
Theos
10:25 Feudal Age
14:31 Castle Age
12:18 Double-Bit Axe
12:40 Horse Collar
15:47 Bow Saw
20:26 Loom
21:40 Wheelbarrow
24:52 Heavy Plow
28:47 Imperial Age
26:55 Gold Mining
26:56 Stone Mining
28:35 Hand Cart
29:24 Fletching
30:10 Bodkin Arrow
31:06 Ballistics
31:46 Chemistry
30:52 Siege Engineers
31:19 Heavy Scorpion
33:26 Two-Man Saw
33:06 Conscription
33:29 Stone Shaft Mining
34:10 Crenellations
34:02 Masonry
35:41 Crop Rotation
34:35 Capped Ram
38:05 Bombard Tower
38:35 Scale Barding Armor
40:01 Chain Barding Armor
40:18 Bloodlines
39:30 Cavalier
40:39 Conscription
40:43 Ironclad
42:02 Plate Barding Armor
41:38 Forging
43:12 Hoardings
42:04 Paladin
43:21 Town Watch
44:36 Iron Casting
46:23 Blast Furnace
Kuş Bilge
10:44 Feudal Age
14:59 Castle Age
13:38 Double-Bit Axe
13:36 Horse Collar
16:08 Bow Saw
22:13 Wheelbarrow
22:15 Heavy Plow
24:37 Gold Mining
25:46 Hand Cart
25:18 Loom
25:46 Stone Mining
29:23 Imperial Age
28:11 Fletching
29:05 Thumb Ring
29:30 Ballistics
29:44 Bodkin Arrow
29:43 Elite Elephant Archer
31:28 Chemistry
30:33 Bracer
31:07 Padded Archer Armor
33:33 Conscription
33:11 Siege Elephant
34:30 Leather Archer Armor
34:25 Husbandry
36:21 Ring Archer Armor
36:24 Scale Barding Armor
36:30 Forging
36:27 Medical Corps
37:18 Light Cavalry
38:20 Chain Barding Armor
39:26 Iron Casting
Connection lost

Rejoining the realm…

Still unreachable

The connection could not be restored.

Session expired

The server has moved on; the page needs a fresh start.